 Dungeon Crawl Stone Soup version 0.30-a0-1043-g60ff8d5f49 (webtiles) character file.

Game seed: 10862027913881065233

34 Esekla the Sneak (level 3, 26/26 HPs)
             Began as an Octopode Delver on Apr 9, 2023.
             Quit the game on level 5 of the Dungeon.
             The game lasted 00:01:22 (166 turns).

Esekla the Sneak (Octopode Delver)                   Turns: 166, Time: 00:01:23

Health: 26/26      AC:  1    Str: 11    XL:     3   Next: 31%
Magic:  4/4        EV: 13    Int: 14    God:
Gold:   15         SH:  0    Dex: 13    Spells: 3/3 levels left

rFire   . . .      SeeInvis .    a - +0 falchion
rCold   . . .      Faith    .    (no shield)
rNeg    . . .      Spirit   .    (helmet restricted)
rPois   .          Reflect  .    (no amulet)
rElec   .          Rampage  .    (no ring)
rCorr   .                        (no ring)
Will    .....                    (no ring)
Stlth   ++++                     (no ring)
HPRegen 0.24/turn                (no ring)
MPRegen 0.09/turn                (no ring)
                                 (no ring)
                                 (no ring)

@: no status effects
A: almost no armour, amphibious, 8 rings, camouflage 1, gelatinous body 1,
(nimble swimmer 1), tentacles
a: no special abilities


You were on level 5 of the Dungeon.
You visited 1 branch of the dungeon, and saw 1 of its levels.

You collected 15 gold pieces.

Inventory:

Hand Weapons
 a - a +0 falchion (weapon)
Wands
 f - a wand of digging (3)
Scrolls
 b - a scroll of fog
 c - a scroll of teleportation {unknown}
 d - a scroll of fear
Potions
 e - a potion of haste
 g - a potion of heal wounds {unknown}


   Skills:
 * Level 3.2 Fighting
 * Level 2.2 Long Blades
 * Level 2.2 Dodging
 + Level 7.2 Stealth
 * Level 0.6 Spellcasting


You had 3 spell levels left.
You didn't know any spells.
Your spell library contained the following spells:

 Spells                   Type           Power      Damage    Failure   Level
 Sublimation of Blood     Necr           0%         N/A       38%         2
 Petrify                  Tmut/Erth      0%         N/A       95%         4
 Irradiate                Conj/Tmut      0%         3d11      100%        5


Dungeon Overview and Level Annotations

Branches:
Dungeon (5/15)
 Temple: D:4-7

Altars:

Shops:
D:5 =

Annotations:
D:5 Sigmund


Innate Abilities, Weirdness & Mutations

You cannot wear most types of armour.
You are amphibious.
You can wear up to eight rings at the same time.
Your skin changes colour to match your surroundings (Stealth+).
Your rubbery body absorbs attacks. (AC +1, EV +1)
((You are camouflaged when in or above water. (Stealth+)))
You have tentacles for arms and can constrict up to eight enemies at once.


Message History

You slash the hound! You grab the hound.
You squeeze the hound, but do no damage.
The hound is moderately wounded.
You constrict the hound. The hound closely misses you. The hound bites you.
You hit the hound.
The hound is heavily wounded.
You constrict the hound. The hound barely misses you. x2
You hit the hound.
The hound is almost dead.
You constrict the hound.
You kill the hound!
The dart slug launches a dart at you. The slug dart hits you.
Your Stealth skill increases to level 7!
You have reached level 2!
You have reached level 3!
Your experience leads to an increase in your attributes!
Increase (S)trength, (I)ntelligence, or (D)exterity?
You feel clever. x2
The dart slug launches a dart at you. The slug dart misses you.
You see here a hound corpse.
The dart slug launches a dart at you. The slug dart hits you.
The dart slug barely misses you.
You hit the dart slug. You grab the dart slug. You squeeze the dart slug.
You kill the dart slug!
You start resting.
HP restored.
Found an escape hatch in the ceiling.
Found a robe.
Found 15 gold pieces.
Found Ajomaugh's Jewellery Emporium.
A wight comes into view. It is wielding a +0 morningstar.
You see here 15 gold pieces.
You now have 15 gold pieces.
A wight comes into view.
It is wielding a +2 battleaxe of freezing.
A wight comes into view. It is wielding a +0 short sword.
Found a scroll labelled CAHIHAQOXT.
There is an entrance to Ajomaugh's Jewellery Emporium here.
Are you sure you want to abandon this character and quit the game? (Confirm with "yes".)

*,,,,,,,,,,* *>,*,,,,,,,*
*,*
*,,,,,,,,,,#**##*#.#******
*,* *,,,,,,,,,,*?<..,..#
*,* *,,,,,,,,,,*#.#.,..#
*,* *,,,,,,,,..*#.#.#z.##
*,* *,,,,,,,,..##.......#
*,, *,,,,,,,,.....#.z.#.#
*** *,,,,,,,,,,#...#.#..#
#*********,*#...@.z.# #
*,*#..#.#..# ** #
*,*#.#...#.# *, ###
*,*#.......############.
..#
####....#.#####............
#.#####...###.#.#
#.###.##.####
#.....#.@.###,#.#####.#
#....<#
#####.#.....,,#.......#
#[#.#.# #
#.#....############
#.#.#.###


You could see 3 wights.

Vanquished Creatures
  A hound (D:5)
  A dart slug (D:5)
2 creatures vanquished.

Notes
Turn   | Place    | Note
-------+----------+-------------------------------------------
     0 | D:5      | Esekla the Octopode Delver began the quest for the Orb.
     0 | D:5      | Reached XP level 1. HP: 16/16 MP: 1/1
    50 | D:5      | Noticed Sigmund
    56 | D:5      | Noticed a hound
    60 | D:5      | Killed a hound
    61 | D:5      | Reached skill level 7 in Stealth
    61 | D:5      | Reached XP level 2. HP: 9/21 MP: 2/2
    61 | D:5      | Reached XP level 3. HP: 12/26 MP: 3/3
   158 | D:5      | Found Ajomaugh's Jewellery Emporium.
   159 | D:5      | Noticed a wight
   163 | D:5      | Noticed a wight
   164 | D:5      | Noticed a wight
   166 | D:5      | Quit the game

Illustrated notes

Levels and vault maps discovered:
D:5:      layout_basic, serial_shops, nicolae_shop_advertising_works
          [nicolae_subvault_shop_adworks], corner_web_ring, uniq_sigmund

Skill      XL: |  1 |
---------------+----+-----
Stealth        | 7 |  7.2
Fighting       | |  3.2
Long Blades    | |  2.2
Dodging        | |  2.2
Spellcasting   | |  0.6

Action                     || total
---------------------------++-------
  Melee: Falchion          ||     4
         Constrict         ||     2
         Tentacles         ||     2
    Use: Scroll            ||     1
   Stab: Sleeping          ||     1
  Dodge: Dodged            ||     5

Table legend: (Time is in decaauts)
 A = Elapsed time spent in this place.
 B = Non-inter-level travel time spent in this place.
 C = Inter-level travel time spent in this place.
 D = Time resting spent in this place.
 E = Time spent auto-exploring this place.
 F = Levels seen in this place.
 G = Mean time per level.
                   A        B        C        D        E       F      G
               +--------+--------+--------+--------+--------+-----+--------+
         Total |    166 |    166 |      0 |     49 |      0 |   1 |  166.0 |
       Dungeon |    166 |    166 |      0 |     49 |      0 |   1 |  166.0 |
               +--------+--------+--------+--------+--------+-----+--------+

Top non-repeatable levels by time:
     D:5: 166 daAuts
